 Dungeon Crawl Stone Soup version 0.25.0-11-g1f837a76a1 (webtiles) character file.

Game seed: 14615407770187453355

695 Esekla the Grave Robber (level 7, -8/35 HPs)
             Began as a Vine Stalker Necromancer on June 25, 2020.
             Was an Initiate of Sif Muna.
             Mangled by a water moccasin (9 damage)
             ... on level 6 of the Dungeon.
             The game lasted 00:33:21 (4255 turns).

Esekla the Grave Robber (Vine Stalker Necromancer)  Turns: 4255, Time: 00:33:21

Health: -8/35      AC:  4    Str: 10    XL:     7   Next: 64%
Magic:  0/15       EV: 17    Int: 17    God:    Sif Muna [......]
Gold:   188        SH:  0    Dex: 15    Spells: 11/15 levels left

rFire    . . .     SeeInvis .   v - +2 dagger (venom)
rCold    . . .     Gourm    .   (no shield)
rNeg     . . .     Faith    .   a - +0 robe
rPois    .         Spirit   +   j - +0 helmet
rElec    .         Reflect  .   (no cloak)
rCorr    .         Harm     .   (no gloves)
MR       .....                  i - +0 pair of boots
Stlth    +++.......             h - amulet of inaccuracy (curse)
HPRegen  0.51/turn              b - +4 ring of evasion
MPRegen  0.14/turn              (no ring)

@: lethally poisoned (-8 -> -13), very slightly contaminated
A: fangs 2, regeneration 1, magic shield, antimagic bite, no potion heal 3, rot
immunity
a: Renounce Religion


You were on level 6 of the Dungeon.
You worshipped Sif Muna.
Sif Muna was noncommittal.
You were hungry.

You visited 2 branches of the dungeon, and saw 7 of its levels.

You collected 188 gold pieces.

Inventory:

Hand Weapons
 k - a +0 spear
 v - a +2 dagger of venom (weapon)
Missiles
 r - 3 poisoned darts (quivered)
 s - 5 boomerangs
Armour
 a - a +0 robe (worn)
 i - a +0 pair of boots (worn)
 j - a +0 helmet (worn)
Jewellery
 b - a +4 ring of evasion (left hand)
 f - an uncursed ring of resist corrosion
 h - a cursed amulet of inaccuracy (around neck)
Wands
 n - a wand of iceblast (5)
Scrolls
 o - a scroll of enchant weapon
 p - 2 scrolls of teleportation
 q - 2 scrolls of identify
Potions
 d - a potion of lignification
 e - a potion of heal wounds {unknown}
 g - a potion of flight
 l - a potion of cancellation {unknown}
 m - a potion of invisibility
 t - a potion of berserk rage
 u - a potion of curing {unknown}
Comestibles
 c - 11 rations


   Skills:
 * Level 2.8 Fighting
 + Level 2.6 Short Blades
 + Level 2.8 Dodging
 + Level 4.4 Stealth
 * Level 4.7 Spellcasting
 * Level 4.9 Necromancy


You had 11 spell levels left.
You knew the following spells:

 Your Spells              Type           Power        Failure   Level  Hunger
a - Pain                  Necr           ###.         1%          1    None
d - Vampiric Draining     Necr           ###.......   5%          3    ###....

Your spell library contained the following spells:

 Spells                   Type           Power        Failure   Level  Hunger
 Animate Skeleton         Necr           N/A          1%          1    None
 Animate Dead             Necr           N/A          19%         4    ####...
 Agony                    Necr           ###.....     45%         5    ######.


Dungeon Overview and Level Annotations

Branches:
Dungeon (6/15)             Temple (1/1) D:5

Altars:
Ashenzari
Elyvilon
Gozag
Hepliaklqana
Kikubaaqudgha
Makhleb
Nemelex Xobeh
Okawaru
Ru
Sif Muna
Trog
Uskayaw
Wu Jian
Xom
Yredelemnul
The Shining One

Annotations:
D:3 2 transporters, LaGuigne83's ghost, amateur HOGl
D:4 Dowan; Duvessa
D:5 Eustachio


Innate Abilities, Weirdness & Mutations

You have extremely sharp teeth.
Your natural rate of healing is unusually fast.
When hurt, damage is shared between your health and your magic reserves.
Your bite disrupts and absorbs the magic of your enemies.
Potions cannot restore your health.
You are immune to rotting.


Message History

* * * LOW HITPOINT WARNING * * *
You miss the water moccasin.
The water moccasin is heavily wounded.
* * * LOW HITPOINT WARNING * * *
You feel sick. The hound bites you.
* * * LOW HITPOINT WARNING * * *
The water moccasin misses you. The hound completely misses you.
Casting: Vampiric Draining (dangerous; 5% risk of failure)
Confirm with . or Enter, or press ? or * to list all spells.
You don't have enough magic to cast that spell.
You hit the hound.
The hound is severely wounded.
* * * LOW HITPOINT WARNING * * *
You feel sick. The water moccasin barely misses you.
The hound bites you but does no damage.
You hit the water moccasin.
The water moccasin is heavily wounded.
* * * LOW HITPOINT WARNING * * *
You feel sick. The water moccasin bites you!
You die...

..... +.........+... ....#
#.........##.# ..#.#
##.......###.# .## #
##.....####.## .##.#
##..........# ....#
##+#.####..# ##### .####
#.#.# #..###...# ..#
###.#.####........# #.###
#......h@##.###...#
#...#####.....##S##.#
##.##
###.................# #.#
#...######...###.#######.#
#.### ##.## #.........#
..# ### ########### ###


You could see a water moccasin and a hound (poisoned).

Vanquished Creatures
  A bullfrog (D:6)
  A scorpion (D:5)
  2 crimson imps
  A bullfrog zombie (D:5)
  An orc priest (D:4)
  A hound (D:3)
  Ijyb (D:4)
  Terence (D:3)
  An iguana (D:5)
  A worker ant (D:3)
  3 orc wizards
  Robin (D:4)
  5 gnolls
  6 adders
  A shadow imp (D:4)
  2 oozes
  3 worms (D:3)
  4 dart slugs
  A leopard gecko (D:2)
  14 orcs
  A ball python (D:4)
  A giant cockroach (D:3)
  16 goblins
  7 hobgoblins
  5 jackals
  6 kobolds
  2 quokkas
  13 bats
  3 frilled lizards
  A jackal skeleton (D:5)
  8 rats
114 creatures vanquished.

Notes
Turn   | Place    | Note
-------+----------+-------------------------------------------
     0 | D:1      | Esekla the Vine Stalker Necromancer began the quest for the
                  | Orb.
     0 | D:1      | Reached XP level 1. HP: 9/9 MP: 4/4
   414 | D:1      | Reached XP level 2. HP: 14/14 MP: 4/6
   572 | D:2      | Noticed a centaur
   705 | D:2      | Reached skill level 1 in Fighting
  1169 | D:2      | Reached XP level 3. HP: 16/18 MP: 4/8
  1174 | D:2      | Learned a level 3 spell: Vampiric Draining
  1262 | D:2      | Found a basalt altar of Yredelemnul.
  1285 | D:2      | Found a shattered altar of Ashenzari.
  1373 | D:2      | Found a white marble altar of Elyvilon.
  1381 | D:2      | Became a worshipper of Elyvilon the Healer
  1802 | D:3      | Noticed Terence
  1857 | D:2      | Gained mutation: Your natural rate of healing is unusually
                  | fast. [Vine Stalker growth]
  1857 | D:2      | Reached XP level 4. HP: 20/22 MP: 10/10
  2081 | D:5      | Entered Level 5 of the Dungeon
  2148 | D:4      | Noticed Ijyb
  2148 | D:4      | Noticed Eustachio
  2173 | D:5      | Reached skill level 1 in Short Blades
  2173 | D:5      | Reached XP level 5. HP: 17/26 MP: 11/11
  2211 | D:4      | Killed Ijyb
  2234 | D:4      | Reached * piety under Elyvilon
  2259 | D:4      | Noticed Dowan
  2305 | D:4      | Found an iron altar of Okawaru.
  2506 | D:3      | Reached XP level 6. HP: 30/30 MP: 13/13
  2531 | D:4      | Noticed Duvessa
  2714 | D:3      | Noticed a sky beast
  2716 | D:3      | Found a transporter.
  2718 | D:3      | Noticed LaGuigne83's ghost (amateur HOGl)
  3218 | D:3      | Found a transporter.
  3324 | D:3      | Killed Terence
  3461 | D:4      | Noticed Robin
  3570 | D:4      | Killed Robin
  3570 | D:4      | Reached XP level 7. HP: 35/35 MP: 14/14
  4099 | D:6      | Reached ** piety under Elyvilon
  4166 | D:5      | Found a staircase to the Ecumenical Temple.
  4173 | Temple   | Entered the Ecumenical Temple
  4188 | Temple   | Fell from the grace of Elyvilon
  4188 | Temple   | Became a worshipper of Sif Muna the Loreminder
  4255 | D:6      | HP: 1/35 [poisoned by a water moccasin]
  4255 | D:6      | Mangled by a water moccasin

Illustrated notes

Levels and vault maps discovered:
D:1:      lemuel_arrival_muddy, layout_loops_ring, st_stairs_9,
          hangedman_decor_clover_reticule
D:2:      layout_loops_cross, kennysheep_ying_yang, ashenzari_altar_1,
          minmay_pentomino_x4, uniq_crazy_yiuf_cottage
D:3:      layout_basic, gammafunk_ghost_arena, uniq_terence
D:4:      layout_rooms, nicolae_qazlal_general_emergency, first_ration,
          okawaru_altar_gauntlet_db, uniq_ijyb, uniq_eustachio, uniq_duvessa,
          uniq_robin
D:5:      layout_cave_pools, minmay_temple_entry_large_hall,
          minmay_fractal_squares_5
D:6:      layout_loops_corners, kennysheep_mini,
          grunt_dithmenos_smoke_and_mirrors, kennysheep_mini_moat, st_stairs_7
Temple:   nicolae_temple_no_exploring_needed

Skill      XL: |  1  2  3  4  5  6  7 |
---------------+----------------------+-----
Fighting       | 1 2 |  2.8
Spellcasting   | 3 4 |  4.7
Short Blades   | 1 2 |  2.6
Stealth        | 3 4 |  4.4
Dodging        | 2 |  2.8
Necromancy     | |  4.9

Action                   |  1- 3 |  4- 6 |  7- 9 || total
-------------------------+-------+-------+-------++-------
Melee: Dagger            |    58 |   220 |   109 ||   387
       Bite              |    15 |    50 |    19 ||    84
 Cast: Pain              |    21 |       |       ||    21
       Vampiric Draining |       |       |     3 ||     3
  Use: Scroll            |     2 |     5 |     1 ||     8
 Stab: Sleeping          |     5 |     6 |     2 ||    13
  Eat: Chunk             |     3 |     6 |     2 ||    11
Armor: Robe              |     3 |    40 |    17 ||    60
Dodge: Dodged            |    56 |   220 |   118 ||   394
